 Dungeon Crawl Stone Soup version 0.23-a0-295-g2e428d4 (webtiles) character file.

39 Amnesiac the Magician (level 3, -1/24 HPs)
             Began as a Mummy Wizard on Oct 4, 2018.
             Was an Initiate of Kikubaaqudgha.
             Slain by an adder (4 damage)
             ... on level 2 of the Dungeon.
             The game lasted 00:03:49 (1326 turns).

Amnesiac the Magician (Mummy Wizard)                Turns: 1326, Time: 00:03:50

Health: -1/24      AC:  3    Str: 14    XL:     3   Next: 28%
Magic:  0/9        EV: 12    Int: 18    God:    Kikubaaqudgha [......]
Gold:   88         SH:  0    Dex: 10    Spells: 7/12 levels left

rFire    x . .     SeeInvis .   c - +0 hunting sling
rCold    + . .     Gourm    .   (no shield)
rNeg     + + +     Faith    .   a - +0 robe
rPois    ∞         Spirit   .   b - +0 helmet (curse)
rElec    .         Reflect  .   (no cloak)
rCorr    .         Harm     .   (no gloves)
MR       .....                  (no boots)
Stlth    ++........             (no amulet)
HPRegen  0.08/turn              h - +4 ring of strength
MPRegen  0.11/turn              (no ring)

@: very slightly contaminated
A: no food or potions, fire vulnerability, cold resistance 1, negative energy
resistance 3, torment resistance, unbreathing
a: Renounce Religion


You were on level 2 of the Dungeon.
You worshipped Kikubaaqudgha.
Kikubaaqudgha was noncommittal.
You were not hungry.

You visited 1 branch of the dungeon, and saw 3 of its levels.

You collected 88 gold pieces.

Inventory:

Hand Weapons
 c - a +0 hunting sling (weapon)
Missiles
 e - 37 stones (quivered)
Armour
 a - a +0 robe (worn)
 b - a cursed +0 helmet (worn)
 f - a +0 cloak
Jewellery
 h - a +4 ring of strength (left hand)
 l - a cursed -3 ring of intelligence {unknown}
Scrolls
 d - a scroll of identify {!r, unknown}
 g - 2 scrolls of teleportation {!r, unknown}
 i - a scroll of remove curse {!r, unknown}
 j - a scroll of random uselessness {!r, unknown}
 k - a scroll of magic mapping {!r, unknown}


   Skills:
 - Level 1.5 Dodging
 - Level 1.5 Stealth
 - Level 5.0 Spellcasting
 - Level 0.7 Conjurations
 - Level 0.7 Summonings
 * Level 1.8 Necromancy
 - Level 0.7 Translocations


You had 7 spell levels left.
You knew the following spells:

 Your Spells              Type           Power        Failure   Level  Hunger
a - Magic Dart            Conj           #...         10%         1    N/A
b - Call Imp              Summ           #.......     16%         2    N/A
v - Blink                 Tloc           N/A          16%         2    N/A

Your spell library contained the following spells:

 Spells                   Type           Power        Failure   Level  Hunger
 Slow                     Hex            #.......     21%         2    N/A
 Conjure Flame            Conj/Fire      #.......     34%         3    N/A
 Mephitic Cloud           Conj/Pois/Air  #.......     36%         3    N/A

Dungeon Overview and Level Annotations

Branches:
Dungeon (3/15)

Altars:
Dithmenos
Gozag
Kikubaaqudgha
Nemelex Xobeh
Okawaru
Uskayaw


Innate Abilities, Weirdness & Mutations

You do not eat or drink.
Your flesh is vulnerable to fire.
You are immune to poison.
Your flesh is cold resistant. (rC+)
You are immune to negative energy. (rN+++)
You are immune to unholy pain and torment.
You can survive without breathing.


Message History

Aiming: Magic Dart (safe; 10% risk of failure)
Press: ? - help, Shift-Dir - straight line, f/p - adder
Aim: an adder (moderately wounded)
You miscast Magic Dart.
You are very lightly contaminated with residual magic.
Nothing appears to happen.
The adder bites you.
Casting: Magic Dart (safe; 10% risk of failure)
Confirm with . or Enter, or press ? or * to list all spells.
Aiming: Magic Dart (safe; 10% risk of failure)
Press: ? - help, Shift-Dir - straight line, f/p - adder
Aim: an adder (moderately wounded)
The magic dart hits the adder.
The adder is severely wounded.
The adder bites you.
* * * LOW HITPOINT WARNING * * *
Casting: Magic Dart (safe; 10% risk of failure)
Confirm with . or Enter, or press ? or * to list all spells.
Aiming: Magic Dart (safe; 10% risk of failure)
Press: ? - help, Shift-Dir - straight line, f/p - adder
Aim: an adder (severely wounded)
The magic dart hits the adder.
The adder is almost dead.
The adder misses you. The adder bites you but does no damage.
Casting: Magic Dart (safe; 10% risk of failure)
Confirm with . or Enter, or press ? or * to list all spells.
You don't have enough magic to cast that spell.
Casting: Magic Dart (safe; 10% risk of failure)
Confirm with . or Enter, or press ? or * to list all spells.
You don't have enough magic to cast that spell.
Casting: Magic Dart (safe; 10% risk of failure)
Confirm with . or Enter, or press ? or * to list all spells.
You don't have enough magic to cast that spell.
Quiver which item? (- for none, * to show all) (? for menu, Esc to quit)
Okay, then.
That item cannot be evoked!
That item cannot be evoked!
You aren't carrying any items that you can evoke.
Unknown command.
Firing (i - inventory)
e - 39 stones (quivered)
Press: ? - help, Shift-Dir - straight line, f/p - adder
Aim: an adder (almost dead)
You shoot a stone. The stone closely misses the adder.
The adder bites you.
* * * LOW HITPOINT WARNING * * *
Firing (i - inventory)
e - 38 stones (quivered)
Press: ? - help, Shift-Dir - straight line, f/p - adder
Aim: an adder (almost dead)
You shoot a stone. The stone misses the adder.
The adder bites you.
* * * LOW HITPOINT WARNING * * *
The adder closely misses you. The adder bites you.
* * * LOW HITPOINT WARNING * * *
The adder bites you.
* * * LOW HITPOINT WARNING * * *
A giant cockroach comes into view.
The giant cockroach waves its antennae.
Found a scroll labeled CISTRI TUECH.
Casting: Magic Dart (safe; 10% risk of failure)
Confirm with . or Enter, or press ? or * to list all spells.
Aiming: Magic Dart (safe; 10% risk of failure)
Press: ? - help, Shift-Dir - straight line, f/p - adder
Aim: an adder (almost dead)
You miscast Magic Dart.
Your bandages stand on end.
The adder bites you.
You die...
Kikubaaqudgha rasps: "You have failed me!
Welcome... oblivion!"

##+# ##...#
##(....## ...
#.......## #..#
.........####....
.........'. .....
.s......?# #....
#.@###..#
##S....# .
##...## ...
#...#.....
+..)'....(.
#...#......
#...##..... #...#
#...# #...# ####


You could see an adder and a giant cockroach.

Vanquished Creatures
  An ooze (D:1)
  A leopard gecko (D:1)
  A giant cockroach (D:3)
  5 goblins
  3 hobgoblins
  2 jackals (D:2)
  A ball python (D:1)
  4 bats
  4 frilled lizards
  6 kobolds (D:1)
  5 rats
33 creatures vanquished.

Notes
Turn   | Place    | Note
-------+----------+-------------------------------------------
     0 | D:1      | Amnesiac the Mummy Wizard began the quest for the Orb.
     0 | D:1      | Reached XP level 1. HP: 13/13 MP: 5/5
   214 | D:1      | Reached XP level 2. HP: 19/19 MP: 0/7
   218 | D:1      | Learned a level 2 spell: Blink
   221 | D:1      | Learned a level 2 spell: Call Imp
   516 | D:2      | Found a shadowy altar of Dithmenos.
   518 | D:2      | Found a hide-covered altar of Uskayaw.
   526 | D:2      | Found an opulent altar of Gozag.
   526 | D:2      | Found an iron altar of Okawaru.
   527 | D:2      | Found an ancient bone altar of Kikubaaqudgha.
   530 | D:2      | Found a sparkling altar of Nemelex Xobeh.
   539 | D:2      | Became a worshipper of Kikubaaqudgha
   647 | D:1      | Reached skill level 5 in Spellcasting
   672 | D:1      | Reached skill level 1 in Necromancy
   791 | D:1      | You fall through a shaft!
   874 | D:1      | Reached XP level 3. HP: 24/24 MP: 2/9
  1326 | D:2      | Slain by an adder

Vault maps used:
D:1:      minmay_arrival_four_houses
D:2:      kennysheep_six_static_rooms, minitemple, uniq_sigmund
D:3:      overflow_temple_1_default, first_ration

Skill      XL: |  1  2 |
---------------+-------+-----
Spellcasting   | 5 |  5.0
Necromancy     | 1 |  1.8
Dodging        | |  1.5
Stealth        | |  1.5
Conjurations   | |  0.7
Summonings     | |  0.7
Translocations | |  0.7

Action                   || total
-------------------------++-------
 Fire: Hunting sling     ||    12
 Cast: Magic Dart        ||    88
Armor: Robe              ||    12
Dodge: Dodged            ||    28

Table legend:
 A = Non-vault XP
 B = Vault XP
 C = Vault XP percentage of total XP
 D = Non-vault monster count
 E = Vault monster count
 F = Vault count percentage of total count
                 A         B        C        D         E       F
            +---------+---------+-------+---------+---------+-------
      Total |      55 |       2 |   3.5 |      32 |       1 |   3.0
            +---------+---------+-------+---------+---------+-------
        D:1 |      40 |       0 |   0.0 |      23 |       0 |   0.0
        D:2 |      12 |       2 |  14.3 |       7 |       1 |  12.5
        D:3 |       3 |       0 |   0.0 |       2 |       0 |   0.0
            +---------+---------+-------+---------+---------+-------
